Map: 세룰리안 폴 - 래더

Players

lllllllllll (sOs)

  • Race: Protoss Protoss
  • League: Master
  • Spawn Location: 7:00

Zest - Winner!

  • Race: Protoss Protoss
  • League: Master
  • Spawn Location: 1:00

Event: IEM Season 13 - Katowice Server Qualifiers Asia 2

VOD

Have the link to the VOD?

Description

Time

  • Played on: Jan. 22, 2019, 6:50 a.m.
  • Length: 5:51

All games in this series

Show
View Real Time Build Order
Export as new Build Order

lllllllllll Protoss 

Build Orders: Phoenix Opening 

Get SALT Encoding   

  12  0:00  Probe  
  13  0:12  Probe  
  14  0:17  Pylon  
  14  0:24  Probe  
  15  0:32  Probe  
  15  0:38  Gateway  
  15  0:40  Probe  
  16  0:47  Assimilator  
  17  0:50  Probe  
  17  0:55  Assimilator  
  18  0:58  Probe  
  19  1:06  Probe  
  20  1:14  Gateway  
  20  1:17  Probe  
  20  1:25  Cybernetics Core  
  21  1:29  Probe  
  22  1:36  Pylon  
  22  1:41  Probe  
  23  1:54  Probe  
  23  2:01  Sentry, Warp Gate, Stalker  
  28  2:07  Pylon  
  28  2:24  Pylon  
  30  2:35  Stargate  
  30  2:37  Phoenix  
  28  2:41  Stalker  
  30  2:47  Stalker  
  32  2:59  Nexus  
  32  3:03  Probe  
  33  3:10  Phoenix  
  35  3:20  Probe  
  36  3:29  Pylon  
  36  3:33  Phoenix  
  37  3:36  Shield Battery  
  36  3:41  Probe  
  35  3:53  Probe  
  29  4:07  Probe  
  29  4:13  Gateway  
  29  4:17  Probe  
  29  4:19  Probe  
  31  4:30  Stalker  
  33  4:33  Stalker  
  35  4:39  Probe  
  35  4:43  Probe  
  37  4:48  Pylon  
  36  5:02  Stalker  
  36  5:04  Stalker  
  38  5:19  Adept  
  40  5:26  Adept  
  42  5:29  Adept  
Show
View Real Time Build Order
Export as new Build Order

Zest Protoss - Winner!

Build Orders: Oracle Opening, Phoenix Opening 

Get SALT Encoding   

  12  0:00  Probe  
  13  0:12  Probe  
  14  0:17  Pylon  
  14  0:24  Probe  
  15  0:32  Probe  
  15  0:37  Gateway  
  15  0:40  Probe  
  16  0:46  Assimilator  
  17  0:51  Probe  
  17  0:55  Assimilator  
  18  1:00  Probe  
  19  1:08  Probe, Gateway  
  19  1:17  Probe  
  20  1:24  Cybernetics Core  
  21  1:29  Probe  
  22  1:35  Pylon  
  22  1:41  Probe  
  23  2:01  Adept x2  
  23  2:04  Stargate  
  27  2:12  Warp Gate  
  27  2:20  Pylon  
  27  2:29  Adept x2  
  31  2:38  Oracle  
  34  2:56  Adept, Pylon  
  36  3:06  Phoenix  
  38  3:30  Nexus  
  38  3:43  Phoenix  
  33  4:03  Phoenix  
  33  4:08  Probe  
  32  4:20  Probe  
  32  4:22  Phoenix, Stalker x2  
  37  4:26  Shield Battery  
  39  4:32  Probe  
  40  4:38  Phoenix  
  40  4:42  Probe  
  40  4:44  Probe  
  44  4:54  Probe  
  44  4:56  Probe  
  46  5:00  Phoenix  
  48  5:08  Zealot x2  
  52  5:18  Phoenix  
  52  5:31  Zealot  
  52  5:32  Zealot  

Tags
 
Add a new tag
Caveats
  • Supply blocks, unpowered buildings, or Contaminate may cause inaccurate times.
  • Supply counts are checked every 10 seconds.